 Dungeon Crawl Stone Soup version 0.23.2-1-ga50397a6bc (webtiles) character file.

Game seed: 16142103556310133426

217 Kobolds4U the Slasher (level 5, -6/41 HPs)
             Began as a Demonspawn Berserker on Apr 23, 2019.
             Was a Believer of Trog.
             Mangled by an ogre
             ... wielding a +0 giant club
              (11 damage)
             ... on level 4 of the Dungeon.
             The game lasted 00:07:43 (3543 turns).

Kobolds4U the Slasher (Demonspawn Berserker)        Turns: 3543, Time: 00:07:44

Health: -6/41      AC: 14    Str: 17    XL:     5   Next: 61%
Magic:  0/5        EV:  7    Int:  9    God:    Trog [**....]
Gold:   108        SH:  0    Dex: 13    Spells: 4/4 levels left

rFire    . . .     SeeInvis .   t - +0 long sword
rCold    . . .     Gourm    .   (no shield)
rNeg     . . .     Faith    .   r - +0 plate armour
rPois    .         Spirit   +   (no helmet)
rElec    .         Reflect  .   s - +0 cloak
rCorr    .         Harm     .   (no gloves)
MR       .....                  i - +0 pair of boots
Stlth    ..........             m - amulet of guardian spirit
HPRegen  0.13/turn              (no ring)
MPRegen  0.09/turn              (no ring)

@: no status effects
A: hooves 2, sturdy frame 1
a: Berserk, Trog's Hand, Renounce Religion


You were on level 4 of the Dungeon.
You worshipped Trog.
Trog was pleased with you.
You were not hungry.

You visited 1 branch of the dungeon, and saw 4 of its levels.

You collected 108 gold pieces.

Inventory:

Hand Weapons
 a - a +0 falchion
 t - a +0 long sword (weapon)
Armour
 b - a +0 animal skin
 i - a +0 pair of boots (worn)
 r - a +0 plate armour (worn)
 s - a +0 cloak (worn)
Jewellery
 m - an amulet of guardian spirit (around neck)
 o - a cursed amulet of faith {unknown}
Wands
 q - a wand of enslavement (9)
Scrolls
 d - 3 scrolls of identify {unknown}
 e - 3 scrolls of enchant weapon {unknown}
 f - 3 scrolls of amnesia {unknown}
 g - 2 scrolls of teleportation {unknown}
 h - 3 scrolls of fog {unknown}
 j - 2 scrolls of remove curse {unknown}
 n - a scroll of enchant armour {unknown}
 p - a scroll of magic mapping {unknown}
Potions
 k - 2 potions of curing {unknown}
 l - a potion of heal wounds {unknown}
Comestibles
 c - 3 rations
 u - 2 chunks of flesh


   Skills:
 - Level 3.0 Fighting
 + Level 4.4 Long Blades
 * Level 4.1 Armour
 - Level 1.7 Dodging


You had 4 spell levels left.
You didn't know any spells.
Your spell library was empty.

Dungeon Overview and Level Annotations

Branches:
Dungeon (4/15)
 Temple: D:4-7

Altars:
Ashenzari
Okawaru
Ru
Zin

Shops:
D:4 }


Innate Abilities, Weirdness & Mutations

You have hoof-like feet.
Your movements are slightly less encumbered by armour. (ER -2)


Message History

The ogre hits you with a +0 giant club!
You hit the ogre.
The ogre is lightly wounded.
The ogre hits you with a +0 giant club.
You hit the ogre.
The ogre is moderately wounded.
The ogre hits you with a +0 giant club!!
* * * LOW HITPOINT WARNING * * *
You are too injured to fight recklessly!
You are too injured to fight recklessly!
You are too injured to fight recklessly!
You are too injured to fight recklessly!
You are too injured to fight recklessly!
You hit the ogre.
The ogre is heavily wounded.
The ogre hits you with a +0 giant club!
* * * LOW HITPOINT WARNING * * *
You see here a robe.
The ogre hits you with a +0 giant club!
You die...

...........#..#
#...#.#...###
########..##..#
#............
##.##..#####.#......####
#..#......#.#.####.# #
##.#...# .#.#.# #.# #
#.....##.#.#.# #.# #
##......<#.#.# #.# #
#..O....#.#.# #.# #
##..@####.#.####.####
#...# #.#.......... #
#...# #.#.####.####
..#...# #.######.#
#.#...# #......#.#
##.#...####.####.#.#
#..#.#<.......##.#.#
#......>#####.##.#.#
#....#......#.##.#.#


You could see an ogre.

Vanquished Creatures
  A worker ant (D:4)
  5 adders
  8 gnolls (D:2)
  An ooze (D:1)
  2 worms
  A dart slug (D:2)
  7 orcs
  2 giant cockroaches (D:2)
  8 goblins
  5 hobgoblins (D:1)
  6 kobolds
  2 ball pythons
  7 bats
  2 frilled lizards (D:1)
  3 rats
60 creatures vanquished.

Notes
Turn   | Place    | Note
-------+----------+-------------------------------------------
     0 | D:1      | Kobolds4U the Demonspawn Berserker began the quest for the
                  | Orb.
     0 | D:1      | Reached XP level 1. HP: 18/18 MP: 1/1
   142 | D:1      | Gained mutation: You have large cloven feet. [demonic
                  | ancestry]
   142 | D:1      | Reached XP level 2. HP: 24/24 MP: 2/2
   477 | D:1      | Reached ** piety under Trog
   926 | D:2      | Gained mutation: Your movements are slightly less
                  | encumbered by armour. (ER -2) [demonic ancestry]
   926 | D:2      | Reached XP level 3. HP: 21/29 MP: 3/3
   985 | D:2      | HP: 2/43 [poisoned by an adder]
   993 | D:2      | HP: 2/43 [poisoned by an adder]
  1328 | D:2      | Gained mutation: You have hoof-like feet. [demonic
                  | ancestry]
  1328 | D:2      | Reached XP level 4. HP: 33/35 MP: 4/4
  1834 | D:2      | Found an iron altar of Okawaru.
  1967 | D:2      | Reached XP level 5. HP: 13/41 MP: 1/5
  2565 | D:3      | Found a glowing silver altar of Zin.
  2565 | D:3      | Found a shattered altar of Ashenzari.
  2739 | D:3      | Found a sacrificial altar of Ru.
  3415 | D:4      | Found Qaussilo's Gadget Boutique.
  3520 | D:4      | Noticed an ogre
  3543 | D:4      | Mangled by an ogre

Skill      XL: |  1  2  3  4  5 |
---------------+----------------+-----
Armour         | 2 3 4 |  4.1
Long Blades    | 3 4 |  4.4
Fighting       | |  3.0
Dodging        | |  1.7

Action                   |  1- 3 |  4- 6 || total
-------------------------+-------+-------++-------
Melee: Falchion          |    72 |    95 ||   167
       Kick              |     6 |       ||     6
       Long sword        |       |    15 ||    15
Invok: Berserk           |     1 |     1 ||     2
       Trog's Hand       |     1 |       ||     1
  Use: Potion            |     1 |       ||     1
 Stab: Sleeping          |     2 |       ||     2
  Eat: Chunk             |     1 |     6 ||     7
       Ration            |       |     1 ||     1
Armor: Animal skin       |    19 |    19 ||    38
       Skin              |     5 |       ||     5
       Plate armour      |       |     3 ||     3
Dodge: Dodged            |    36 |    67 ||   103
       Rpst.: Falchion   |    11 |    18 ||    29
       Long sword        |       |     2 ||     2
